 Dungeon Crawl Stone Soup version 0.24.1-14-gf8d2b509d9 (console) character file.

Game seed: 6970414694340485169, levelgen mode: deterministic

19457 Kagalorn the Cruncher (level 12, -2/92 HPs)
             Began as a Gnoll Wanderer on Mar 13, 2021.
             Was a Believer of Ashenzari.
             Slain by a wolf (7 damage)
             ... on level 1 of the Lair of Beasts.
             The game lasted 00:38:32 (15499 turns).

Kagalorn the Cruncher (Gnoll Wanderer)             Turns: 15499, Time: 00:38:33

Health: -2/92      AC:  9    Str: 13    XL:     12   Next: 69%
Magic:  24/24      EV: 20    Int: 19    God:    Ashenzari [**....]
Gold:   565        SH:  0    Dex: 17    Spells: 20/27 levels left

rFire    . . .     SeeInvis .   N - +0 scimitar (flame)
rCold    . . .     Gourm    .   (no shield)
rNeg     . . .     Faith    .   e - +0 ring mail (curse)
rPois    .         Spirit   .   E - +0 helmet
rElec    .         Reflect  .   (no cloak)
rCorr    +         Harm     .   F - +0 pair of gloves
MR       .....                  (no boots)
Stlth    +++.......             d - amulet of the acrobat (curse)
HPRegen  0.25/turn              y - ring of resist corrosion
MPRegen  0.19/turn              V - +4 ring of evasion (curse)

@: lethally poisoned (-2 -> -7)
A: distributed training, fangs 1, strong nose
a: Curse Item, Scrying, Renounce Religion


You were on level 1 of the Lair of Beasts.
You worshipped Ashenzari.
Ashenzari was pleased with you.
You were hungry.

You visited 3 branches of the dungeon, and saw 13 of its levels.

You collected 625 gold pieces.
You spent 60 gold pieces at shops.

Inventory:

Hand Weapons
 a - a +2 short sword of electrocution
 w - a +0 morningstar of protection
 N - a +0 scimitar of flaming (weapon)
 O - a +3 flail of freezing
 S - a +5 falchion of freezing
 U - a +2 great sword of flaming
Missiles
 i - 33 poisoned darts (quivered)
 l - 432 stones
 t - 73 bolts
 B - 52 sling bullets
 D - 8 curare-tipped darts
 J - 5 atropa-tipped darts
 K - 8 boomerangs
 X - 7 javelins
Armour
 e - a cursed +0 ring mail (worn)
 E - a +0 helmet (worn)
 F - a +0 pair of gloves (worn)
 G - +1 fire dragon scales
 Z - a +1 pair of gloves
Magical Staves
 R - an uncursed staff of wizardry
Jewellery
 d - a cursed amulet of the acrobat (around neck)
 y - a ring of resist corrosion (left hand)
 H - an uncursed ring of protection from cold
 M - an uncursed ring of ice
 V - a cursed +4 ring of evasion (right hand)
Wands
 b - a wand of random effects (59)
 p - a wand of paralysis (30)
 v - a wand of acid (5)
 x - a wand of polymorph (14)
 I - a wand of digging (4)
 P - a wand of iceblast (10)
 Q - a wand of flame (17)
Scrolls
 c - 3 scrolls of blinking
 h - 4 scrolls of enchant armour
 k - 3 scrolls of magic mapping
 m - 3 scrolls of teleportation
 q - 3 scrolls of remove curse
 u - a scroll of torment {unknown}
 L - a scroll of fear {unknown}
 T - 2 scrolls of amnesia
 Y - a scroll of identify
Potions
 g - 4 potions of curing
 j - 2 potions of might {unknown}
 n - 2 potions of berserk rage {unknown}
 o - 3 potions of magic
 r - 5 potions of brilliance
 s - a potion of resistance
 z - 2 potions of haste
 A - 4 potions of lignification
 W - a potion of invisibility {unknown}
Miscellaneous
 C - a phantom mirror
Comestibles
 f - 11 rations


   Skills:
 + Level 7.6 Fighting
 + Level 7.6 Short Blades
 + Level 7.6 Long Blades
 + Level 7.6 Axes
 + Level 7.6 Maces & Flails
 + Level 7.6 Polearms
 + Level 9.0 Staves
 + Level 7.6 Slings
 + Level 7.6 Bows
 + Level 7.6 Crossbows
 + Level 8.1 Throwing
 + Level 7.6 Armour
 + Level 8.1 Dodging
 + Level 7.6 Stealth
 + Level 8.1 Shields
 + Level 7.6 Unarmed Combat
 + Level 8.2 Spellcasting
 + Level 6.3(7.8) Conjurations
 + Level 6.3(7.8) Hexes
 + Level 6.3(7.8) Charms
 + Level 6.3(7.8) Summonings
 + Level 6.3(7.8) Necromancy
 + Level 8.5(9.9) Translocations
 + Level 6.3(7.8) Transmutations
 + Level 6.7(8.2) Fire Magic
 + Level 6.3(7.8) Ice Magic
 + Level 6.3(7.8) Air Magic
 + Level 6.3(7.8) Earth Magic
 + Level 6.3(7.8) Poison Magic
 + Level 8.4 Invocations
 + Level 7.6(9.1) Evocations


You had 20 spell levels left.
You knew the following spells:

 Your Spells              Type           Power        Failure   Level  Hunger
a - Shock                 Conj/Air       ####         1%          1    None
b - Statue Form           Tmut/Erth      #####....    71%         6    ######.

Your spell library contained the following spells:

 Spells                   Type           Power        Failure   Level  Hunger
 Animate Skeleton         Necr           N/A          1%          1    None
 Apportation              Tloc           #####.       1%          1    None
 Corona                   Hex            #####..      1%          1    None
 Pain                     Necr           ####         1%          1    None
 Ensorcelled Hibernation  Hex/Ice        #####.       1%          2    None
 Confuse                  Hex            #####...     1%          3    None
 Dazzling Spray           Conj/Hex       #####.       1%          3    None
 Mephitic Cloud           Conj/Pois/Air  #####...     1%          3    None
 Portal Projectile        Hex/Tloc       #####.       1%          3    None
 Regeneration             Chrm/Necr      #####.....   1%          3    None
 Tukima's Dance           Hex            #####...     1%          3    None
 Vampiric Draining        Necr           #####.....   1%          3    None
 Animate Dead             Necr           N/A          7%          4    ###....
 Leda's Liquefaction      Hex/Erth       #####.....   7%          4    ###....
 Bolt of Magma            Conj/Fire/Erth #####.....   19%         5    #####..
 Iron Shot                Conj/Erth      #####.....   71%         6    ######.
 Shatter                  Erth           #####.....   100%        9    #######


Dungeon Overview and Level Annotations

Branches:
Dungeon (11/15)            Temple (1/1) D:6            Lair (1/6) D:11
    Orc (0/2) D:11

Altars:
Ashenzari
Cheibriados
Dithmenos
Elyvilon
Fedhas
Gozag
Hepliaklqana
Kikubaaqudgha
Makhleb
Nemelex Xobeh
Okawaru
Qazlal
Ru
Sif Muna
Trog
Uskayaw
Vehumet
Wu Jian
Xom
Yredelemnul
Zin
The Shining One
Lugonu

Shops:
D:9 *

Annotations:
D:3 2 transporters, 1 runed translucent door, Crazy Yiuf; Kagalorn's ghost, amateur GnWn


Innate Abilities, Weirdness & Mutations

Your experience applies equally to all skills.
You have very sharp teeth.
Your uncanny sense of smell can sniff out nearby items.


Message History

You hit the spiny frog. You burn the spiny frog.
The spiny frog is almost dead.
The spiny frog stings you!!
* * * LOW HITPOINT WARNING * * *
You are lethally poisoned!
The spiny frog poisons you!
You barely miss the spiny frog.
You bite the spiny frog, but do no damage.
The spiny frog is almost dead.
* * * LOW HITPOINT WARNING * * *
You feel sick. The spiny frog misses you.
You barely miss the spiny frog.
The spiny frog is almost dead.
* * * LOW HITPOINT WARNING * * *
You feel sick. The spiny frog completely misses you.
You hit the spiny frog. You burn the spiny frog.
You kill the spiny frog!
* * * LOW HITPOINT WARNING * * *
You feel sick. The wolf bites you!
You die...

, ..
*#....#.....#..,, ,
.... ######......# *
....#######.....## *
* ,
................## *
,
.............##....
,
..........#.⌠..#...
_........#.....#...
,
........hh⌠.>.⌠#...,
, ........h#@.......
* ..#########...##..
, ** #...#*#. , *
,,, ** ,....# * , ,
* ∆ ...... * ,, ,,
...#.#. * , ⌠
*.⌠...+ , , * , ,,,
...#.# . * , .


You could see 2 wolves.

Vanquished Creatures
  A hydra (Lair:1)
  Erica (D:10)
  A death yak (D:10)
  Urug (Lair:1)
  Sonja (D:11)
  Pikel (D:6)
  2 spiny frogs (Lair:1)
  2 trolls (D:11)
  Grinder (D:4)
  3 hippogriffs
  Sigmund (D:2)
  A yak (D:11)
  Grum (Lair:1)
  2 hungry ghosts
  Menkaure (D:5)
  Edmund (D:6)
  2 water moccasins (Lair:1)
  Duvessa (D:4)
  A black bear (D:8)
  8 orc warriors
  3 sky beasts
  A slave (D:6)
  7 ogres
  2 phantoms
  3 wolves (Lair:1)
  7 centaurs
  A crocodile (Lair:1)
  2 big kobolds
  3 bullfrogs
  Dowan (D:4)
  4 scorpions
  10 wights
  9 killer bees
  6 howler monkeys
  3 electric eels (D:11)
  8 crimson imps
  A centaur zombie (D:6)
  2 jellies
  6 orc priests
  A bullfrog skeleton (D:10)
  5 hounds
  4 iguanas
  8 orc wizards
  7 worker ants
  A hound skeleton (D:4)
  Robin (D:2)
  4 gnolls (D:7)
  9 adders
  2 howler monkey skeletons
  5 shadow imps
  2 adder skeletons
  4 worms
  4 dart slugs
  8 leopard geckos
  51 orcs
  A ball python (D:3)
  3 giant cockroaches
  19 goblins
  7 hobgoblins
  9 jackals
  19 kobolds
  4 quokkas
  4 bats
  9 frilled lizards
  A leopard gecko zombie (D:5)
  8 rats
312 creatures vanquished.

Vanquished Creatures (others)
  A worker ant (D:6)
  A quokka (D:7)
2 creatures vanquished.

Grand Total: 314 creatures vanquished

Notes
Turn   | Place    | Note
-------+----------+-------------------------------------------
     0 | D:1      | Kagalorn the Gnoll Wanderer began the quest for the Orb.
     0 | D:1      | Kagalorn set off with the following items: a +2 dagger, a
                  | curare-tipped dart, a +0 robe, a ration; and the following
                  | spells available to memorise: Apportation, Shock, Portal
                  | Projectile, Mephitic Cloud
     0 | D:1      | Reached XP level 1. HP: 13/13 MP: 4/4
     3 | D:1      | Learned a level 1 spell: Shock
   175 | D:1      | Reached XP level 2. HP: 16/19 MP: 0/5
   406 | D:1      | Reached XP level 3. HP: 20/25 MP: 7/7
   728 | D:2      | Noticed Sigmund
   845 | D:2      | Reached skill level 1 in Invocations
   909 | D:2      | Reached skill level 1 in Fighting
   909 | D:2      | Reached skill level 1 in Short Blades
   909 | D:2      | Reached skill level 1 in Long Blades
   909 | D:2      | Reached skill level 1 in Axes
   909 | D:2      | Reached skill level 1 in Maces & Flails
   909 | D:2      | Reached skill level 1 in Polearms
   909 | D:2      | Reached skill level 1 in Slings
   909 | D:2      | Reached skill level 1 in Bows
   909 | D:2      | Reached skill level 1 in Crossbows
   909 | D:2      | Reached skill level 1 in Armour
   909 | D:2      | Reached skill level 1 in Stealth
   909 | D:2      | Reached skill level 1 in Unarmed Combat
   909 | D:2      | Reached skill level 1 in Evocations
   970 | D:3      | Reached XP level 4. HP: 28/32 MP: 5/8
   978 | D:3      | Noticed Kagalorn's ghost (amateur GnWn)
   979 | D:3      | Found a transporter.
   989 | D:3      | Found a transporter.
   992 | D:3      | Noticed an ogre
   992 | D:3      | Noticed an ogre
  1136 | D:3      | Found a runed translucent door.
  1137 | D:3      | Noticed Crazy Yiuf
  1380 | D:3      | Reached skill level 1 in Conjurations
  1380 | D:3      | Reached skill level 1 in Hexes
  1380 | D:3      | Reached skill level 1 in Charms
  1380 | D:3      | Reached skill level 1 in Summonings
  1380 | D:3      | Reached skill level 1 in Necromancy
  1380 | D:3      | Reached skill level 1 in Transmutations
  1380 | D:3      | Reached skill level 1 in Ice Magic
  1380 | D:3      | Reached skill level 1 in Air Magic
  1380 | D:3      | Reached skill level 1 in Earth Magic
  1380 | D:3      | Reached skill level 1 in Poison Magic
  1610 | D:3      | Reached XP level 5. HP: 24/37 MP: 3/9
  2569 | D:4      | Noticed Grinder
  2725 | D:4      | Noticed Duvessa
  3116 | D:2      | Killed Sigmund
  3116 | D:2      | Reached skill level 5 in Staves
  3116 | D:2      | Reached XP level 6. HP: 33/44 MP: 0/11
  3178 | D:2      | Noticed Robin
  3204 | D:2      | Killed Robin
  4056 | D:4      | Reached XP level 7. HP: 50/50 MP: 12/12
  4084 | D:4      | Reached skill level 5 in Fighting
  4084 | D:4      | Reached skill level 5 in Short Blades
  4084 | D:4      | Reached skill level 5 in Long Blades
  4084 | D:4      | Reached skill level 5 in Axes
  4084 | D:4      | Reached skill level 5 in Maces & Flails
  4084 | D:4      | Reached skill level 5 in Polearms
  4084 | D:4      | Reached skill level 6 in Staves
  4084 | D:4      | Reached skill level 5 in Slings
  4084 | D:4      | Reached skill level 5 in Bows
  4084 | D:4      | Reached skill level 5 in Crossbows
  4084 | D:4      | Reached skill level 5 in Throwing
  4084 | D:4      | Reached skill level 5 in Armour
  4084 | D:4      | Reached skill level 5 in Dodging
  4084 | D:4      | Reached skill level 5 in Stealth
  4084 | D:4      | Reached skill level 5 in Shields
  4084 | D:4      | Reached skill level 5 in Unarmed Combat
  4084 | D:4      | Reached skill level 5 in Spellcasting
  4084 | D:4      | Reached skill level 5 in Invocations
  4084 | D:4      | Reached skill level 5 in Evocations
  4084 | D:4      | Reached XP level 8. HP: 59/62 MP: 12/16
  4093 | D:4      | Noticed Dowan
  4103 | D:4      | Killed Dowan
  4297 | D:5      | Entered Level 5 of the Dungeon
  4564 | D:5      | Noticed Menkaure
  4574 | D:5      | Killed Menkaure
  4574 | D:5      | Reached skill level 7 in Staves
  4849 | D:4      | Paralysed by Grinder for 4 turns
  4859 | D:4      | Killed Grinder
  5254 | D:4      | Killed Duvessa
  5722 | D:5      | Reached XP level 9. HP: 56/68 MP: 18/18
  5748 | D:5      | Noticed a +0 hand axe
  5750 | D:5      | Noticed a +0 dagger
  5751 | D:5      | Found a hide-covered altar of Uskayaw.
  5837 | D:5      | Found an ornate altar of the Wu Jian Council.
  6115 | D:5      | Reached skill level 5 in Fire Magic
  6797 | D:6      | Found a staircase to the Ecumenical Temple.
  6803 | Temple   | Entered the Ecumenical Temple
  6846 | Temple   | Became a worshipper of Ashenzari the Shackled
  6906 | D:6      | Noticed Edmund
  6923 | D:6      | Killed Edmund
  7721 | D:6      | Noticed Pikel
  7743 | D:6      | Killed Pikel
  7743 | D:6      | Reached XP level 10. HP: 75/76 MP: 19/19
  7945 | D:7      | Found an opulent altar of Gozag.
  7946 | D:7      | Found a sparkling altar of Nemelex Xobeh.
  7965 | D:7      | Found a basalt altar of Yredelemnul.
  7965 | D:7      | Found a bloodstained altar of Trog.
  7965 | D:7      | Found a radiant altar of Vehumet.
  7965 | D:7      | Found a stormy altar of Qazlal.
  7973 | D:7      | Found an ancient bone altar of Kikubaaqudgha.
  7973 | D:7      | Found a hazy altar of Hepliaklqana.
  8175 | D:7      | Found a white marble altar of Elyvilon.
  8782 | D:7      | Found a shimmering blue altar of Sif Muna.
  9146 | D:8      | Reached * piety under Ashenzari
  9376 | D:8      | Reached skill level 5 in Conjurations
  9376 | D:8      | Reached skill level 5 in Hexes
  9376 | D:8      | Reached skill level 5 in Charms
  9376 | D:8      | Reached skill level 5 in Summonings
  9376 | D:8      | Reached skill level 5 in Necromancy
  9376 | D:8      | Reached skill level 5 in Transmutations
  9376 | D:8      | Reached skill level 5 in Ice Magic
  9376 | D:8      | Reached skill level 5 in Air Magic
  9376 | D:8      | Reached skill level 5 in Earth Magic
  9376 | D:8      | Reached skill level 5 in Poison Magic
  9380 | D:8      | Found a shimmering altar of Xom.
  9419 | D:8      | Paralysed by fainting for 6 turns
 10349 | D:9      | Found a sacrificial altar of Ru.
 10601 | D:9      | Found a burning altar of Makhleb.
 10631 | D:9      | Found a hide-covered altar of Uskayaw.
 10684 | D:9      | Found Neazec's Assorted Antiques.
 10692 | D:9      | Bought a dark potion for 18 gold pieces
 10692 | D:9      | Bought a wand of paralysis (8) for 42 gold pieces
 10788 | D:10     | Entered Level 10 of the Dungeon
 10876 | D:10     | Noticed Erica
 10894 | D:10     | Killed Erica
 11167 | D:10     | Reached XP level 11. HP: 70/81 MP: 21/21
 11170 | D:10     | Reached skill level 8 in Staves
 11170 | D:10     | Reached XP level 12. HP: 80/91 MP: 21/23
 11418 | D:11     | Noticed a death yak
 11590 | D:11     | Noticed a death yak
 11964 | D:10     | Learned a level 6 spell: Statue Form
 12615 | D:11     | Found a staircase to the Orcish Mines.
 12686 | D:11     | Noticed a death yak
 12687 | D:11     | Noticed a death yak
 12688 | D:11     | Noticed a death yak
 13079 | D:11     | Reached ** piety under Ashenzari
 13226 | D:11     | Noticed Sonja
 13235 | D:11     | Killed Sonja
 13419 | D:11     | Found a staircase to the Lair.
 13420 | D:11     | Noticed a death yak
 13764 | D:10     | Killed a death yak
 14158 | Lair:1   | Entered Level 1 of the Lair of Beasts
 14544 | Lair:1   | Noticed Grum
 14571 | Lair:1   | Killed Grum
 14964 | Lair:1   | Noticed Urug
 14977 | Lair:1   | Killed Urug
 15000 | Lair:1   | Noticed a seven-headed hydra
 15271 | Lair:1   | Killed a three-headed hydra
 15271 | Lair:1   | Reached skill level 9 in Staves
 15477 | Lair:1   | Found a white marble altar of Elyvilon.
 15499 | Lair:1   | Slain by a wolf

Levels and vault maps discovered:
D:1:      dpeg_arrival_boxes_within_box, layout_rooms, minmay_ruptured
D:2:      layout_loops_ring, kennysheep_generic_room_10, uniq_robin,
          uniq_sigmund
D:3:      layout_basic, first_ration, gammafunk_ghost_smash,
          uniq_crazy_yiuf_cottage
D:4:      layout_gridville, uniq_grinder, uniq_duvessa
D:5:      kennysheep_six_static_rooms, layout_layer_cave,
          dancing_weapons_uskayaw, lemuel_coloured_pillars_altar, uniq_menkaure
D:6:      minmay_general_purpose_star, layout_basic, minmay_temple_entry_hall,
          minmay_hedge_maze, nrook_loot_triangle, uniq_edmund, uniq_pikel
D:7:      layout_rooms, grunt_temple_overflow_opulence, elyvilon_altar_4,
          minmay_overflow_temple_hex, lemuel_doored_altar
D:8:      cheibrodos_quashed, layout_loops_ring, xom_butterflies
D:9:      layout_rooms, makhleb_heckhound_becter, lemuel_round_altar,
          serial_shops, nicolae_shop_overgrown_old_shop, basic_altar
D:10:     layout_cave_pools, uniq_erica
D:11:     layout_long_grid, dpeg_lair_monsters, erik_orc_2, uniq_psyche,
          uniq_sonja
Temple:   corrupted_temple
Lair:1:   layout_regular_city, basic_altar, chequers_serial_rivers_large_b,
          grunt_megastairs_1, uniq_gastronok, uniq_urug, uniq_grum

Skill      XL: |  1  2  3  4  5  6  7  8  9 10 11 12 |
---------------+-------------------------------------+-----
Fire Magic     | 2 4 5 6 |  6.7
Invocations    | 1 2 5 6 7 8 |  8.4
Fighting       | 1 2 5 6 7 |  7.6
Short Blades   | 1 2 5 6 7 |  7.6
Long Blades    | 1 2 5 6 7 |  7.6
Axes           | 1 2 5 6 7 |  7.6
Maces & Flails | 1 2 5 6 7 |  7.6
Polearms       | 1 2 5 6 7 |  7.6
Slings         | 1 2 5 6 7 |  7.6
Bows           | 1 2 5 6 7 |  7.6
Crossbows      | 1 2 5 6 7 |  7.6
Armour         | 1 2 5 6 7 |  7.6
Stealth        | 1 2 5 6 7 |  7.6
Unarmed Combat | 1 2 5 6 7 |  7.6
Evocations     | 1 2 5 6 7 |  7.6
Spellcasting   | 3 5 6 7 8 |  8.2
Conjurations   | 1 4 5 6 |  6.3
Hexes          | 1 4 5 6 |  6.3
Charms         | 1 4 5 6 |  6.3
Summonings     | 1 4 5 6 |  6.3
Necromancy     | 1 4 5 6 |  6.3
Transmutations | 1 4 5 6 |  6.3
Ice Magic      | 1 4 5 6 |  6.3
Air Magic      | 1 4 5 6 |  6.3
Earth Magic    | 1 4 5 6 |  6.3
Poison Magic   | 1 4 5 6 |  6.3
Throwing       | 3 5 6 7 8 |  8.1
Dodging        | 3 5 6 7 8 |  8.1
Shields        | 3 5 6 7 8 |  8.1
Staves         | 5 6 7 8 9 |  9.0
Translocations | 6 7 8 |  8.5

Action                   |  1- 3 |  4- 6 |  7- 9 | 10-12 || total
-------------------------+-------+-------+-------+-------++-------
Melee: Dagger            |    80 |    48 |       |       ||   128
       Bite              |     9 |    26 |    30 |    60 ||   125
       Short sword       |       |   166 |   182 |   364 ||   712
       Whip              |       |    11 |   121 |       ||   132
       Punch             |       |       |     7 |    14 ||    21
       Flail             |       |       |       |   116 ||   116
       Great sword       |       |       |       |    72 ||    72
       Scimitar          |       |       |       |    21 ||    21
Throw: Dart              |       |     2 |       |    10 ||    12
 Cast: Shock             |    21 |    47 |     2 |    61 ||   131
Invok: Curse Item        |       |       |     1 |     1 ||     2
Evoke: Wand              |       |     1 |     1 |    13 ||    15
  Use: Scroll            |       |    10 |     5 |     4 ||    19
       Potion            |       |       |     1 |     3 ||     4
 Stab: Sleeping          |     1 |     4 |     4 |    13 ||    22
       Paralysed         |       |     1 |       |     3 ||     4
       Distracted        |       |       |     1 |     1 ||     2
  Eat: Chunk             |       |     5 |     6 |     9 ||    20
       Ration            |       |     2 |     1 |     6 ||     9
Armor: Robe              |     8 |    10 |       |       ||    18
       Ring mail         |       |    46 |    64 |   156 ||   266
       Skin              |       |       |       |     8 ||     8
Dodge: Dodged            |    84 |   155 |   203 |   448 ||   890
       Rpst.: Great sword |       |       |       |    23 ||    23
       Scimitar          |       |       |       |     3 ||     3
